 Dungeon Crawl Stone Soup version 0.28-a0-8-g6e044cfa68 (webtiles) character file.

Game seed: 7400068813940183234

137 ezpacito the Distorting Demonspawn (level 5, 0/36 HPs)
             Began as a Demonspawn Abyssal Knight on July 24, 2021.
             Was a Believer of Lugonu.
             Succumbed to a scorpion's poison
             ... on level 4 of the Dungeon.
             The game lasted 00:04:32 (3871 turns).

ezpacito the Distorting Demonspawn (DsAK)           Turns: 3871, Time: 00:04:32

Health: 0/36       AC:  6    Str: 11    XL:     5   Next: 0%
Magic:  7/7        EV: 12    Int: 13    God:    Lugonu [**....]
Gold:   170        SH:  0    Dex: 15    Spells: 6/6 levels left

rFire   . . .      SeeInvis .   a - +1 hand axe
rCold   . . .      Faith    .   (no shield)
rNeg    . . .      Spirit   .   f - +0 ring mail
rPois   .          Reflect  .   p - +0 helmet
rElec   .          Harm     .   (no cloak)
rCorr   .          Rampage  .   (no gloves)
Will    .....                   (no boots)
Stlth   ++........              (no amulet)
HPRegen 0.12/turn               (no ring)
MPRegen 0.10/turn               (no ring)

@: lethally poisoned (0 -> -2), very slightly contaminated, invisible
A: claws 2, repulsion field 1, powered by death 1, thin skeletal structure 1,
frail 1, weak 1
a: Renounce Religion, Depart the Abyss, Bend Space


You were on level 4 of the Dungeon.
You worshipped Lugonu.
Lugonu was pleased with you.
You visited 1 branch of the dungeon, and saw 4 of its levels.
You visited the Abyss 1 time.

You collected 170 gold pieces.

Inventory:

Hand Weapons
 a - a +1 hand axe (weapon)
 c - a +1 scimitar of electrocution
Missiles
 i - 128 stones
Armour
 b - a +0 leather armour
 e - a +0 chain mail
 f - a +0 ring mail (worn)
 p - a +0 helmet (worn)
Wands
 n - a wand of polymorph (3)
Scrolls
 g - a scroll of identify {unknown}
 h - a scroll of silence {unknown}
 j - a scroll of magic mapping
 k - a scroll of noise {unknown}
 l - a scroll of enchant armour {unknown}
 m - a scroll of blinking {unknown}


   Skills:
 + Level 3.4 Fighting
 * Level 3.0 Axes
 + Level 2.2 Armour
 + Level 1.7 Dodging
 + Level 1.2 Spellcasting
 + Level 3.4 Invocations


You had 6 spell levels left.
You didn't know any spells.
Your spell library contained the following spells:

 Spells                   Type           Power      Damage    Failure   Level
 Gell's Gravitas          Tloc           0%         N/A       89%         3
 Teleport Other           Tloc           0%         N/A       89%         3
 Dispersal                Tloc           0%         N/A       100%        6


Dungeon Overview and Level Annotations

Branches:
Dungeon (4/15)
 Temple: D:4-7

Altars:
Dithmenos
Gozag


Innate Abilities, Weirdness & Mutations

You have very sharp fingernails.
You are surrounded by a mild repulsion field. (EV +2)
You regenerate a little health from kills.
You have a somewhat thin skeletal structure. (Dex +2, Stealth+)
You are frail. (-10% HP)
You are weak. (Str -2)


Message History

It was a potion of mutation.
You feel extremely strange.
Your fingernails sharpen.
You feel weaker.
You feel frail.
Your bones become slightly less dense.
You feel sick. The scorpion closely misses you.
It was a potion of invisibility.
You fade into invisibility!
You feel sick. The scorpion misses you.
You are very lightly contaminated with residual magic.
You hit the scorpion.
The scorpion is heavily wounded.
You feel sick.
You are no longer poisoned.
The scorpion closely misses you.
You closely miss the scorpion.
The scorpion is heavily wounded.
The scorpion barely misses you. The scorpion closely misses you.
You hit the scorpion.
The scorpion is heavily wounded.
The scorpion stings you!
* * * LOW HITPOINT WARNING * * *
You are lethally poisoned!
The scorpion poisons you!
Your ring mail prevents you from hitting the scorpion.
The scorpion is heavily wounded.
* * * LOW HITPOINT WARNING * * *
You feel sick. The scorpion barely misses you. x2
Aiming: Polymorph
Press: ? - help, Shift-Dir - straight line, f - scorpion
Aim: a scorpion (heavily wounded, will become a killer bee, a worm, or a wyvern, chance to affect: 46%)
The scorpion resists with some effort.
* * * LOW HITPOINT WARNING * * *
You feel sick. The scorpion misses you.
As you read the scroll labelled DOINOSHR GURI, it crumbles to dust.
You assume a fearsome visage.
The scorpion looks frightened!
It was a scroll of fear.
* * * LOW HITPOINT WARNING * * *
You feel sick.
* * * LOW HITPOINT WARNING * * *
You feel sick.
You die...

........#
.........#
.........#
........#
.$......##########
#.........:.....
#..........s....
#...............
#.....@.........
#..<..........#.
###########...#
...# ##.. ##


You could see a scorpion (fleeing).

Vanquished Creatures
  Terence (D:2)
  Robin (D:3)
  2 adders (D:2)
  An ufetubus (D:3)
  2 worms (D:2)
  3 dart slugs
  A bat skeleton (D:2)
  A bat zombie (D:2)
  4 endoplasms
  2 giant cockroaches
  12 goblins
  6 hobgoblins
  3 jackals (D:1)
  3 quokkas
  3 ball pythons
  A ball python zombie (D:2)
  3 bats
  4 frilled lizards
  5 kobolds
  5 rats
63 creatures vanquished.

Vanquished Creatures (others)
  3 toadstools (D:3)
3 creatures vanquished.

Grand Total: 66 creatures vanquished

Notes
Turn   | Place    | Note
-------+----------+-------------------------------------------
     0 | Abyss:1  | ezpacito the Demonspawn Abyssal Knight began the quest for
                  | the Orb.
     0 | Abyss:1  | Reached XP level 1. HP: 18/18 MP: 2/2
    51 | D:1      | Escaped the Abyss
   380 | D:1      | Reached skill level 1 in Dodging
   564 | D:1      | Gained mutation: You are surrounded by a mild repulsion
                  | field. (EV +2) [demonic ancestry]
   564 | D:1      | Reached XP level 2. HP: 11/24 MP: 3/3
   806 | D:1      | Found a faded altar of an unknown god.
   847 | D:1      | Reached * piety under Lugonu
  1351 | D:2      | Gained mutation: You regenerate a little health from kills.
                  | [demonic ancestry]
  1351 | D:2      | Reached XP level 3. HP: 23/29 MP: 5/5
  2411 | D:2      | Gained mutation: You have sharp fingernails. [demonic
                  | ancestry]
  2411 | D:2      | Reached XP level 4. HP: 35/35 MP: 6/6
  2650 | D:2      | Noticed Terence
  2665 | D:2      | Killed Terence
  2666 | D:2      | Reached skill level 1 in Spellcasting
  2945 | D:3      | Noticed Robin
  2982 | D:2      | Reached ** piety under Lugonu
  3018 | D:3      | Killed Robin
  3664 | D:3      | Found an opulent altar of Gozag.
  3664 | D:3      | Found a shadowy altar of Dithmenos.
  3694 | D:3      | Reached XP level 5. HP: 41/41 MP: 7/7
  3862 | D:4      | Gained mutation: You have very sharp fingernails. [potion
                  | of mutation]
  3862 | D:4      | Gained mutation: You are weak. (Str -2) [potion of
                  | mutation]
  3862 | D:4      | Gained mutation: You are frail. (-10% HP) [potion of
                  | mutation]
  3862 | D:4      | Gained mutation: You have a somewhat thin skeletal
                  | structure. (Dex +2, Stealth+) [potion of mutation]
  3870 | D:4      | HP: 1/36 [poisoned by a scorpion]
  3871 | D:4      | Succumbed to a scorpion's poison

Illustrated notes

Levels and vault maps discovered:
D:1:      psy_arrival_terrarium, layout_rooms,
          hellmonk_ecumenical_altar_lost_god, chequers_hall_statues_y
D:2:      layout_basic, serial_undead, serial_undead_c, serial_undead_b,
          serial_undead_d, serial_undead_b, uniq_terence
D:3:      layout_loops_ring, amethyst_overflow_temple_binary,
          minmay_gold_behind_fungi, uniq_robin
D:4:      layout_gridville, grunt_temple_overflow_order_and_chaos_1,
          evilmike_ruin_ashenzari, grunt_decor_cap

Skill      XL: |  1  2  3  4 |
---------------+-------------+-----
Dodging        | 1 |  1.7
Axes           | 2 3 |  3.0
Armour         | 2 |  2.2
Invocations    | 3 |  3.4
Spellcasting   | 1 |  1.2
Fighting       | |  3.4

Action                   |  1- 3 |  4- 6 || total
-------------------------+-------+-------++-------
Melee: Hand axe          |   139 |    97 ||   236
Invok: Depart the Abyss  |     1 |       ||     1
Evoke: Wand              |       |     1 ||     1
  Use: Potion            |     4 |     2 ||     6
       Scroll            |       |     2 ||     2
 Stab: Sleeping          |     1 |       ||     1
Armor: Leather armour    |    31 |     2 ||    33
       Ring mail         |       |    23 ||    23
       Skin              |       |    15 ||    15
Dodge: Dodged            |   125 |    67 ||   192

Table legend: (Time is in decaauts)
 A = Elapsed time spent in this place.
 B = Non-inter-level travel time spent in this place.
 C = Inter-level travel time spent in this place.
 D = Time resting spent in this place.
 E = Time spent auto-exploring this place.
 F = Levels seen in this place.
 G = Mean time per level.
                   A        B        C        D        E       F      G
               +--------+--------+--------+--------+--------+-----+--------+
         Total |   3921 |   3865 |     56 |   1027 |   2263 |   6 |  653.5 |
       Dungeon |   3869 |   3813 |     56 |   1027 |   2255 |   4 |  967.2 |
         Abyss |     52 |     52 |      0 |      0 |      8 |   2 |   26.0 |
               +--------+--------+--------+--------+--------+-----+--------+

Top non-repeatable levels by time:
     D:2: 1697 daAuts
     D:1: 1187 daAuts
     D:3: 957 daAuts
 Abyss:2: 47 daAuts
     D:4: 26 daAuts
 Abyss:1: 5 daAuts
